 Dungeon Crawl Stone Soup version 0.30-a0-421-g7324886 (webtiles) character file.

Game seed: 2846508659792935472

270 blackthorn the Cudgeller (level 6, -1/50 HPs)
             Began as an Armataur Chaos Knight on Dec 8, 2022.
             Was a Plaything of Xom.
             Slain by Duvessa the redback (glowing shapeshifter) (12 damage)
             ... on level 4 of the Dungeon.
             The game lasted 00:03:53 (2508 turns).

blackthorn the Cudgeller (Armataur Chaos Knight)    Turns: 2508, Time: 00:03:55

Health: -1/50      AC:  6    Str: 17    XL:     6   Next: 1%
Magic:  6/6        EV: 13    Int: 13    God:    Xom [.*....]
Gold:   207        SH:  5    Dex:  7    Spells: 5/5 levels left

rFire   . . .      SeeInvis .    a - +0 mace (chaos)
rCold   . . .      Faith    .    (no shield)
rNeg    . . .      Spirit   .    b - +2 leather armour
rPois   .          Reflect  +    (no helmet)
rElec   .          Harm     .    (no cloak)
rCorr   .          Roll     +    (no gloves)
Will    .....                    (no barding)
Stlth   +.........               m - amulet of reflection
HPRegen 0.28/turn                l - +4 ring of evasion
MPRegen 0.10/turn                n - +4 ring of slaying

@: no status effects
A: large, rugged brown scales 3, deformed body, armoured tail, roll, long
tongue, awkward tongue, clumsy 1, dopey 1, frail 1
a: Renounce Religion


You were on level 4 of the Dungeon.
You worshipped Xom.
You were a plaything of Xom.
You visited 1 branch of the dungeon, and saw 4 of its levels.

You collected 207 gold pieces.

Inventory:

Hand Weapons
 a - a +0 mace of chaos (weapon)
Missiles
 e - 5 poisoned darts (quivered)
Armour
 b - a +2 leather armour (worn)
 i - a +0 ring mail
Jewellery
 l - a +4 ring of evasion (left hand)
 m - an amulet of reflection (around neck)
 n - a +4 ring of slaying (right hand)
Scrolls
 d - a scroll of fog
 f - a scroll of teleportation {unknown}
 g - a scroll of fear {unknown}
 j - a scroll of immolation {unknown}
 o - a scroll of noise {unknown}
 p - a scroll of enchant weapon {unknown}
 r - a scroll of identify {unknown}
Potions
 h - a potion of flight {unknown}
 k - 2 potions of curing
 q - a potion of berserk rage {unknown}
 s - a potion of brilliance {unknown}
 t - a potion of cancellation {unknown}
Miscellaneous
 c - a piece from Xom's chessboard (14/15)


   Skills:
 + Level 3.6 Fighting
 + Level 4.5 Maces & Flails
 + Level 0.1 Throwing
 + Level 3.2 Armour
 + Level 1.9 Dodging
 - Level 1.1 Shields


You had 5 spell levels left.
You didn't know any spells.
Your spell library contained the following spells:

 Spells                   Type           Power      Damage    Failure   Level
 Apportation              Tloc           0%         N/A       36%         1
 Alistair's Intoxication  Tmut/Pois      0%         N/A       100%        5
 Malign Gateway           Summ/Tloc      0%         N/A       100%        7
 Summon Horrible Things   Summ           0%         N/A       100%        8


Dungeon Overview and Level Annotations

Branches:
Dungeon (4/15)             Temple (0/1) D:4

Altars:

Annotations:
D:4 Dowan, Duvessa


Innate Abilities, Weirdness & Mutations

You are completely covered in rugged brown scales. (AC +3, +7% HP)
Armour fits poorly on your strangely shaped body.
You have a long armoured tail.
You roll when moving toward enemies. (Rampage)
Your long tongue fully drains potion bottles. (2x potion effects)
Your tongue gives you trouble enunciating. (1.5x scroll delay)
You are clumsy. (Dex -2)
You are dopey. (Int -2)
You are frail. (-10% HP)


Message History

Duvessa draws strength from your wounds!
Duvessa hits you with a +1 vampiric short sword.
You sock Duvessa!
Duvessa is poisoned.
Duvessa is moderately wounded.
Duvessa misses you.
Duvessa drinks a potion.
Duvessa is healed!
Duvessa looks more healthy.
You hit Duvessa.
Duvessa changes into a glowing shapeshifter!
Xom roars with laughter!
Duvessa the glowing shapeshifter changes into a redback!
You hit Duvessa. You freeze Duvessa.
Duvessa is lightly wounded. "Go forth and cause havoc, mortal!"
You feel better. Duvessa closely misses you.
You barely miss Duvessa.
Duvessa is lightly wounded.
Duvessa barely misses you. Duvessa bites you!
You sock Duvessa!
Duvessa seems to grow stronger.
Your punch misses Duvessa.
Duvessa is heavily wounded.
Duvessa closely misses you. Duvessa bites you!
You make a move on Xom's chessboard...
Dowan is outlined in light.
Duvessa bites you!
* * * LOW HITPOINT WARNING * * *
Dowan mumbles some strange words.
Dowan blinks!
Unknown command.
Unknown command.
You hit Duvessa.
Duvessa is poisoned.
Duvessa is heavily wounded. "Hum-dee-hum-dee-hum..."
Dowan flickers and vanishes for a moment.
Duvessa barely misses you.
Dowan mumbles some strange words.
Dowan blinks!
Duvessa bites you.
* * * LOW HITPOINT WARNING * * *
You hit Duvessa but do no damage.
Duvessa is heavily wounded.
Duvessa bites you!
You die...
Xom laughs nastily!

#.# #e# #.#
#.# #.# #e#
#.#..
######.#.##
#.@s...#..#
#.####.#..#
##.#...'#..#
#..#.>.....#
#..........#
#...⌠.⌠.⌠...#
#.#.8.8.8...#
#.#.........#
#.#..###.#..#


You could see Duvessa the redback shaped shifter (strong, very poisoned).

Vanquished Creatures
  A bullfrog (D:3)
  An orc priest (D:3)
  An orc wizard (D:3)
  6 adders
  3 worms (D:3)
  6 dart slugs
  8 orcs (D:3)
  2 endoplasms (D:4)
  3 goblins
  5 hobgoblins
  10 jackals
  2 quokkas
  8 ball pythons
  4 bats
  3 frilled lizards
  7 kobolds
  6 rats
76 creatures vanquished.

Vanquished Creatures (others)
  2 rat zombies
2 creatures vanquished.

Grand Total: 78 creatures vanquished

Notes
Turn   | Place    | Note
-------+----------+-------------------------------------------
     0 | D:1      | blackthorn the Armataur Chaos Knight began the quest for
                  | the Orb.
     0 | D:1      | Reached XP level 1. HP: 19/19 MP: 1/1
    43 | D:1      | Reached skill level 3 in Maces & Flails
    48 | D:1      | Reached XP level 2. HP: 26/26 MP: 2/2
   326 | D:1      | Reached XP level 3. HP: 19/33 MP: 3/3
   466 | D:1      | XOM: divination: detect items
   682 | D:2      | Reached skill level 1 in Dodging
   686 | D:2      | Reached XP level 4. HP: 36/40 MP: 4/4
   721 | D:2      | XOM: summons 4 hostile shadow creatures
   921 | D:2      | XOM: 2-stop teleportation journey
  1223 | D:2      | XOM: give mutations
  1223 | D:2      | Gained mutation: You are frail. (-10% HP) [Xom's mischief]
  1223 | D:2      | Gained mutation: You are clumsy. (Dex -2) [Xom's mischief]
  1223 | D:2      | Gained mutation: You are dopey. (Int -2) [Xom's mischief]
  1356 | D:2      | XOM: summons 3 hostile demons
  1581 | D:3      | Reached skill level 4 in Maces & Flails
  1665 | D:3      | Noticed a bullfrog
  1673 | D:3      | XOM: fake destruction
  1674 | D:3      | Killed a bullfrog
  1675 | D:3      | Reached skill level 1 in Shields
  1675 | D:3      | Reached XP level 5. HP: 37/43 MP: 5/5
  1682 | D:3      | Found a faded altar of an unknown god.
  1682 | D:3      | XOM: 2-stop teleportation journey
  1950 | D:3      | XOM: silly message
  2232 | D:3      | Reached XP level 6. HP: 50/50 MP: 6/6
  2437 | D:4      | Found a staircase to the Ecumenical Temple.
  2479 | D:4      | Noticed Duvessa
  2479 | D:4      | Noticed Dowan
  2502 | D:4      | Duvessa changed into Duvessa the glowing shapeshifter
  2502 | D:4      | Noticed Duvessa (glowing shapeshifter)
  2502 | D:4      | Duvessa the glowing shapeshifter changed into Duvessa the
                  | redback
  2502 | D:4      | Noticed Duvessa (glowing shapeshifter)
  2503 | D:4      | XOM: potion effect (curing)
  2507 | D:4      | XOM: enchant monster (bad)
  2508 | D:4      | Slain by Duvessa the redback (glowing shapeshifter)

Illustrated notes

Levels and vault maps discovered:
D:1:      minmay_arrival_stair_chambers, layout_rooms, minmay_pentomino_o2
D:2:      layout_loops_ring
D:3:      kennysheep_big_flooded_room, layout_basic,
          hellmonk_ecumenical_altar_crossroads, roderic_serpentine_path,
          minivault_4
D:4:      layout_basic, grunt_temple_overflow_diamond,
          minmay_temple_entry_drinking_statues, uniq_duvessa

Skill      XL: |  1  2  3  4 |
---------------+-------------+-----
Maces & Flails | 3 4 |  4.5
Fighting       | 3 |  3.6
Dodging        | 1 |  1.9
Armour         | 3 |  3.2
Shields        | 1 |  1.1
Throwing       | |  0.1

Action                   |  1- 3 |  4- 6 || total
-------------------------+-------+-------++-------
Melee: Mace              |   110 |   157 ||   267
       Tailslap          |     6 |    11 ||    17
Throw: Dart              |       |     3 ||     3
Evoke: Piece from Xom's  |       |     1 ||     1
  Use: Scroll            |       |     1 ||     1
 Stab: Paralysed         |     1 |       ||     1
Armor: Leather armour    |    84 |    66 ||   150
Dodge: Dodged            |    76 |   120 ||   196
Block: Other             |       |    34 ||    34

Table legend: (Time is in decaauts)
 A = Elapsed time spent in this place.
 B = Non-inter-level travel time spent in this place.
 C = Inter-level travel time spent in this place.
 D = Time resting spent in this place.
 E = Time spent auto-exploring this place.
 F = Levels seen in this place.
 G = Mean time per level.
                   A        B        C        D        E       F      G
               +--------+--------+--------+--------+--------+-----+--------+
         Total |   2564 |   2495 |     69 |    285 |   1554 |   4 |  641.0 |
       Dungeon |   2564 |   2495 |     69 |    285 |   1554 |   4 |  641.0 |
               +--------+--------+--------+--------+--------+-----+--------+

Top non-repeatable levels by time:
     D:2: 999 daAuts
     D:3: 851 daAuts
     D:1: 615 daAuts
     D:4: 98 daAuts
